 Dungeon Crawl Stone Soup version 0.21-a0-286-g6fcecc0 (webtiles) character file.

5766 qqqbard the Basher (level 10, -2/64 HPs)
             Began as a Gargoyle Berserker on Sept 25, 2017.
             Was a High Priest of Trog.
             Splashed by Joseph's acid (11 damage)
             ... on level 8 of the Dungeon.
             The game lasted 00:15:42 (8221 turns).

qqqbard the Basher (Gargoyle Berserker)             Turns: 8221, Time: 00:15:43

Health: -2/64      AC: 18    Str: 25    XL:     10   Next: 78%
Magic:  10/10      EV:  9    Int:  7    God:    Trog [*****.]
Gold:   466        SH:  5    Dex:  9    Spells: 9/9 levels left

rFire    + . .     SeeInvis .   b - +0 fustibalus
rCold    + . .     Gourm    .   i - +0 buckler
rNeg     + . .     Faith    .   w - +1 plate armour
rPois    ∞         Spirit   .   (no helmet)
rElec    +         Reflect  .   (no cloak)
rCorr    .         Harm     .   G - +0 pair of gloves
MR       +....                  (no boots)
Stlth    ..........             P - amulet of Fyalime {*Drain rElec rF+ rC+ Regen+}
HPRegen  0.60/turn              p - ring of protection from magic
MPRegen  0.12/turn              (no ring)

@: corroded
A: negative energy resistance 1, electricity resistance, unbreathing,
petrification resistance, rot immunity, AC +7
a: Berserk, Trog's Hand, Brothers in Arms, Burn Spellbooks, Renounce Religion


You were on level 8 of the Dungeon.
You worshipped Trog.
Trog was extremely pleased with you.
You were hungry.

You visited 2 branches of the dungeon, and saw 9 of its levels.
You also visited: Sewer and Ossuary.

You collected 466 gold pieces.

Inventory:

Hand Weapons
 a - the +3 flail "Tunam" {crush, Str+5 Int-5 Stlth+}
   (You found it on level 6 of the Dungeon)

   It inflicts extra damage upon your enemies.
   It affects your strength (+5).
   It affects your intelligence (-5).
   It makes you more stealthy.
 b - a +0 fustibalus (weapon)
 o - a +1 mace
Missiles
 J - 77 stones (quivered)
 K - 59 sling bullets
Armour
 i - a +0 buckler (worn)
 w - a +1 plate armour (worn)
 G - a +0 pair of gloves (worn)
Jewellery
 f - an uncursed amulet of regeneration
 p - a ring of protection from magic (left hand)
 P - the amulet of Fyalime (around neck) {*Drain rElec rF+ rC+ Regen+}
   (You found it on level 7 of the Dungeon)

   [amulet of regeneration]

   It protects you from fire.
   It protects you from cold.
   It insulates you from electricity.
   It increases your rate of regeneration.
   It causes draining when unequipped.
Wands
 v - a wand of enslavement (24/24)
 F - a wand of random effects (27/48)
 L - a wand of lightning (10/15)
Scrolls
 d - 8 scrolls of identify
 h - 3 scrolls of fog {unknown}
 l - 2 scrolls of blinking {unknown}
 r - a scroll of torment {unknown}
 y - 4 scrolls of remove curse
 C - 2 scrolls of teleportation
 E - a scroll of recharging
 N - a scroll of enchant armour
Potions
 e - 3 potions of ambrosia {unknown}
 g - a potion of magic {unknown}
 j - 14 potions of curing
 k - 2 potions of mutation {unknown}
 m - 2 potions of brilliance {unknown}
 n - 2 potions of haste {unknown}
 q - a potion of resistance {unknown}
 s - 2 potions of flight {unknown}
 u - 2 potions of degeneration {unknown}
 z - 2 potions of invisibility {unknown}
 A - 2 potions of lignification {unknown}
 H - 2 potions of heal wounds {unknown}
 I - a potion of might {unknown}
Books
 B - a book of Conjurations

   Spells                             Type                      Level
   a - Magic Dart                     Conjuration                  1
   b - Searing Ray                    Conjuration                  2
   c - Dazzling Spray                 Conjuration/Hexes            3
   d - Fulminant Prism                Conjuration/Hexes            4
   e - Force Lance                    Conjuration/Translocation    4
   f - Iskenderun's Mystic Blast      Conjuration                  4
   Trog disapproves of the use of such an item.
 M - a book of Enchantments

   Spells                             Type                      Level
   a - Cause Fear                     Hexes                        4
   b - Yara's Violent Unravelling     Hexes/Transmutation          5
   c - Silence                        Hexes/Air                    5
   d - Deflect Missiles               Charms/Air                   6
   e - Discord                        Hexes                        8
   Trog disapproves of the use of such an item.
Miscellaneous
 Q - a fan of gales
Comestibles
 c - 9 bread rations
 t - 9 fruits
 x - 10 chunks of flesh
 D - 4 meat rations


   Skills:
 + Level 7.9 Fighting
 * Level 9.7 Maces & Flails
 * Level 3.0 Slings
 + Level 7.1 Armour
 + Level 5.4 Dodging
 + Level 6.0 Shields


You had 9 spell levels left.
You didn't know any spells.

Dungeon Overview and Level Annotations

Branches:
Dungeon (8/15)             Temple (1/1) D:5
   Lair: D:8-11

Altars:
Ashenzari
Cheibriados
Dithmenos
Elyvilon
Fedhas
Gozag
Hepliaklqana
Kikubaaqudgha
Makhleb
Nemelex Xobeh
Okawaru
Qazlal
Ru
Sif Muna
Trog
Uskayaw
Vehumet
Wu Jian
Xom
Yredelemnul
Zin
The Shining One

Shops:
D:8 :

Annotations:
D:8 Joseph


Innate Abilities, Weirdness & Mutations

You are resistant to torment.
Your stone body is resilient. (AC +7)
You are immune to poison.
You resist negative energy. (rN+)
You are resistant to electric shocks. (rElec)
You can survive without breathing.
You are immune to petrification.
You are immune to rotting.


Message History

Joseph zaps a wand.
The bolt of acid hits you! The acid corrodes you!
You are splashed with acid!
The acid burns!
* * * LOW HITPOINT WARNING * * *
Firing (i - inventory. (,) - cycle):
J - 78 stones (quivered)
Press: ? - help, Shift-Dir - straight line, f/p - Joseph
Aim: Joseph, wielding an enchanted hunting sling, wearing a ring mail and carrying a wand of acid (?/15) {zapped: 3} (heavily wounded)
You shoot a stone. The stone hits Joseph!
Joseph is severely wounded.
Joseph shoots a sling bullet.
The sling bullet hits you.
* * * LOW HITPOINT WARNING * * *
Joseph shoots a sling bullet.
You block the sling bullet.
Okay, then.
You feel better.
Joseph zaps a wand.
The bolt of acid hits you!
* * * LOW HITPOINT WARNING * * *
You are splashed with acid!
The acid burns!
* * * LOW HITPOINT WARNING * * *
You feel better.
Joseph zaps a wand.
The bolt of acid hits you!
* * * LOW HITPOINT WARNING * * *
You are splashed with acid!
The acid burns!
You die...

.#........##########
.#........#........#
.#........#........#
.#........#........#
.'.....(..'........#
.#........#.......##
##........######### #
#........#.......##....
#..............@.......
#........#.........@...
#........#..........(((
#........#.......######
#........#########
#........# #<.......#
##........# ≈#........#


You could see Joseph.

Vanquished Creatures
  An unseen horror (D:7)
  Prince Ribbit (D:8)
  A hippogriff (D:8)
  Sigmund (D:4)
  A spriggan (D:7)
  A wyvern (D:8)
  2 hungry ghosts
  The ghost of THUG4L1F3 the Stinger, an amateur OpVM (D:3)
  3 sky beasts
  3 orc warriors
  A phantom (D:4)
  2 black bears
  2 ice beasts
  3 centaurs
  2 ogres
  A crocodile (D:7)
  4 big kobolds
  7 bullfrogs
  5 scorpions (D:6)
  3 howler monkeys
  5 crimson imps
  A quasit (D:7)
  3 jellies
  3 orc priests
  2 bullfrog skeletons
  4 hounds
  2 centaur skeletons
  2 iguanas
  4 worker ants
  7 orc wizards
  A hound zombie (D:7)
  2 hound skeletons
  3 mummies (Ossuary)
  2 gnolls (D:1)
  27 adders
  2 oozes (Sewer)
  3 adder zombies
  An adder skeleton (D:4)
  A worm (D:4)
  6 leopard geckos
  23 orcs
  5 ball pythons
  5 giant cockroaches
  9 goblins
  4 hobgoblins
  20 jackals
  2 quokkas
  15 bats
  3 frilled lizards
  3 goblin zombies (Ossuary)
  3 hobgoblin zombies (Ossuary)
  A jackal skeleton (D:4)
  26 kobolds
  5 kobold zombies (Ossuary)
  A leopard gecko skeleton (D:5)
  A quokka zombie (Ossuary)
  11 rats
  4 rat zombies (Ossuary)
267 creatures vanquished.

Vanquished Creatures (others)
  12 fungi (D:6)
12 creatures vanquished.

Grand Total: 279 creatures vanquished

Notes
Turn   | Place    | Note
-------+----------+-------------------------------------------
     0 | D:1      | qqqbard the Gargoyle Berserker began the quest for the Orb.
     0 | D:1      | Reached XP level 1. HP: 14/14 MP: 1/1
   152 | D:1      | Reached XP level 2. HP: 19/19 MP: 2/2
   177 | D:1      | Reached XP level 3. HP: 21/23 MP: 3/3
   719 | D:2      | Reached skill level 4 in Maces & Flails
   719 | D:2      | Reached XP level 4. HP: 20/29 MP: 4/4
   759 | D:2      | Reached ** piety under Trog
   871 | D:2      | Found a white marble altar of Elyvilon.
  1714 | D:3      | Reached XP level 5. HP: 33/33 MP: 5/5
  1766 | D:3      | Noticed THUG4L1F3's ghost (amateur OpVM)
  1795 | D:3      | Killed THUG4L1F3's ghost
  1795 | D:3      | Reached XP level 6. HP: 37/38 MP: 6/6
  1956 | D:3      | Found a glowing golden altar of the Shining One.
  2181 | D:3      | Reached skill level 5 in Maces & Flails
  2258 | D:3      | Reached *** piety under Trog
  2701 | D:4      | Noticed a phantom
  2740 | D:4      | Killed a phantom
  2740 | D:4      | Reached XP level 7. HP: 41/44 MP: 7/7
  2751 | D:4      | Found a sand-covered staircase.
  2817 | Ossuary  | Entered an ossuary
  3357 | D:4      | Noticed Sigmund
  3377 | D:4      | Killed Sigmund
  3377 | D:4      | Reached skill level 5 in Fighting
  3377 | D:4      | Reached skill level 6 in Maces & Flails
  3377 | D:4      | Reached skill level 1 in Shields
  3381 | D:4      | Reached **** piety under Trog
  3658 | D:5      | Entered Level 5 of the Dungeon
  3676 | D:5      | Reached XP level 8. HP: 34/49 MP: 8/8
  3791 | D:5      | Found a shadowy altar of Dithmenos.
  3895 | D:5      | Found a staircase to the Ecumenical Temple.
  3904 | Temple   | Entered the Ecumenical Temple
  4099 | D:5      | Received a gift from Trog
  4153 | D:5      | Reached skill level 5 in Armour
  4195 | D:5      | Found a bloodstained altar of Trog.
  4609 | D:6      | Reached skill level 7 in Maces & Flails
  4667 | D:6      | Found a deep blue altar of Sif Muna.
  4848 | D:6      | Reached XP level 9. HP: 37/55 MP: 9/9
  4911 | D:6      | Got a translucent flail
  5012 | D:6      | Reached skill level 8 in Maces & Flails
  5049 | D:6      | Found a glowing drain.
  5072 | Sewer    | Entered a sewer
  5073 | Sewer    | Identified the cursed +3 flail "Tunam" {crush, Str+5 Int-5 Stlth+} (You found it on level 6 of the Dungeon)
  5170 | Sewer    | Reached ***** piety under Trog
  5581 | D:6      | Found a hide-covered altar of Uskayaw.
  6359 | D:6      | Received a gift from Trog
  6451 | D:6      | Found the +7 Singing Sword
  6606 | D:6      | Reached skill level 1 in Slings
  6889 | D:7      | Found a stormy altar of Qazlal.
  7101 | D:7      | Reached XP level 10. HP: 55/63 MP: 10/10
  7161 | D:7      | Reached skill level 9 in Maces & Flails
  7164 | D:7      | Reached skill level 5 in Shields
  7271 | D:7      | Found a transporter.
  7287 | D:7      | Found a transporter.
  7287 | D:7      | Found a transporter.
  7287 | D:7      | Found a transporter.
  7287 | D:7      | Found a transporter.
  7303 | D:7      | Found a transporter.
  7363 | D:7      | Killed an unseen horror
  7363 | D:7      | Reached skill level 5 in Dodging
  7428 | D:7      | Got a slimy platinum amulet
  7490 | D:7      | Identified the amulet of Fyalime {*Drain rElec rF+ rC+ Regen+} (You found it on level 7 of the Dungeon)
  7835 | D:8      | Found Apycs's Book Emporium.
  7844 | D:8      | Found a deep blue altar of Sif Muna.
  7888 | D:8      | Found a shimmering altar of Xom.
  8076 | D:8      | Noticed Prince Ribbit
  8096 | D:8      | Killed Prince Ribbit
  8128 | D:8      | Found a hazy altar of Hepliaklqana.
  8204 | D:8      | Noticed Joseph
  8219 | D:8      | HP: 2/64 [Joseph/sling bullet (6)]
  8221 | D:8      | Splashed by Joseph's acid

Vault maps used:
D:1:      dpeg_arrival_rooms_b
D:2:      mumra_celtic_spiral_tile, elyvilon_altar_4
D:3:      marbit_many_paths
D:4:      enter_ossuary_1, first_bread, uniq_sigmund
D:5:      lightli_temple_of_fire, temple_fountains, basic_altar
D:6:      old_forge, lemuel_crystal_altar, portal_sewer_entry_b, basic_altar,
          minmay_bent
D:7:      gammafunk_the_bubble, the_bakery, grunt_qazlal_clouds
D:8:      kennysheep_mini_moat, serial_shops, kennysheep_mini, basic_altar,
          tgw_xom, uniq_pikel, uniq_joseph, uniq_prince_ribbit1
Temple:   compressed_dpeg_circular_temple
Sewer:    kennysheep_pipe_town
Ossuary:  ossuary_minmay_chase

Skill      XL: |  1  2  3  4  5  6  7  8  9 10 |
---------------+-------------------------------+-----
Maces & Flails | 4 5 6 7 8 9 |  9.7
Dodging        | 2 3 4 5 |  5.4
Fighting       | 4 5 6 7 |  7.9
Armour         | 3 4 5 6 7 |  7.1
Shields        | 1 3 4 6 |  6.0
Slings         | 1 3 |  3.0

Action                   |  1- 3 |  4- 6 |  7- 9 | 10-12 || total
-------------------------+-------+-------+-------+-------++-------
Melee: Mace              |    92 |   220 |   433 |       ||   745
       Flail             |       |       |   192 |   193 ||   385
 Fire: Fustibalus        |       |       |    46 |    75 ||   121
Invok: Trog's Hand       |       |       |       |     2 ||     2
  Use: Scroll            |       |    10 |     3 |     1 ||    14
       Potion            |       |       |     1 |     2 ||     3
  Eat: Chunk             |       |     6 |    15 |     5 ||    26
       Royal jelly       |       |       |       |     3 ||     3
       Bread ration      |       |       |       |     1 ||     1
Armor: Animal skin       |    33 |    14 |       |       ||    47
       Scale mail        |       |    83 |       |       ||    83
       Plate armour      |       |    26 |   448 |   348 ||   822
Dodge: Dodged            |    96 |   108 |   257 |   222 ||   683
Block: Buckler           |       |       |    93 |   105 ||   198

Table legend:
 A = Spawn XP
 B = Non-spawn XP
 C = Spawn XP percentage of total XP
 D = Spawn monster count
 E = Non-spawn monster count
 F = Spawn count percentage of total count
 G = Total turns spent on level
                    A         B        C        D         E        F      G
               +---------+---------+-------+---------+---------+-------+---------
         Total |       0 |    8238 |   0.0 |       0 |     267 |   0.0 |  8221
               +---------+---------+-------+---------+---------+-------+---------
           D:1 |       0 |      56 |   0.0 |       0 |      17 |   0.0 |   683
           D:2 |       0 |      96 |   0.0 |       0 |      24 |   0.0 |  1175
           D:3 |       0 |     358 |   0.0 |       0 |      31 |   0.0 |  1130
           D:4 |       0 |     553 |   0.0 |       0 |      17 |   0.0 |   849
           D:5 |       0 |     551 |   0.0 |       0 |      17 |   0.0 |   866
           D:6 |       0 |    2249 |   0.0 |       0 |      52 |   0.0 |  1188
           D:7 |       0 |    2417 |   0.0 |       0 |      34 |   0.0 |   921
           D:8 |       0 |    1646 |   0.0 |       0 |      30 |   0.0 |   596
         Sewer |       0 |     232 |   0.0 |       0 |      24 |   0.0 |   369
       Ossuary |       0 |      80 |   0.0 |       0 |      21 |   0.0 |   319
               +---------+---------+-------+---------+---------+-------+---------
